 Dungeon Crawl Stone Soup version 0.25-a0-803-g58bd18402a (webtiles) character file.

Game seed: 15004636748515323525, levelgen mode: deterministic

1190 Maedhros the Sneak (level 8, -8/48 HPs)
             Began as an Octopode Artificer on Apr 19, 2020.
             Mangled by an orc warrior
             ... wielding a +0 halberd
              (9 damage)
             ... on level 7 of the Dungeon.
             The game lasted 00:14:25 (2148 turns).

Maedhros the Sneak (Octopode Artificer)             Turns: 2148, Time: 00:14:26

Health: -8/48      AC:  8    Str:  9 (12) XL:     8   Next: 43%
Magic:  12/12      EV: 13    Int: 10 (11) God:
Gold:   142        SH:  0    Dex: 11 (14) Spells: 7/7 levels left

rFire    . . .     SeeInvis .   j - +2 mace (protect)
rCold    . . .     Gourm    .   (no shield)
rNeg     . . .     Faith    .   (helmet restricted)
rPois    .         Spirit   .   (no amulet)
rElec    .         Reflect  .   g - ring of attention
rCorr    .         Harm     .   (no ring)
MR       .....                  (no ring)
Stlth    +++.......             (no ring)
HPRegen  0.16/turn              (no ring)
MPRegen  0.13/turn              (no ring)
                                (no ring)
                                (no ring)

@: protection aura
A: almost no armour, stealthy swim, amphibious, 8 rings, constrict 8, tentacle
spike 2, camouflage 1, deterioration 1, dopey 1, gelatinous body 1
a: no special abilities


You were on level 7 of the Dungeon.
You were very hungry.

You visited 1 branch of the dungeon, and saw 7 of its levels.

You collected 142 gold pieces.

Inventory:

Hand Weapons
 a - a +0 short sword
 e - a +0 dagger of speed
 i - a +3 spear
 j - a +2 mace of protection (weapon)
Missiles
 l - 41 poisoned darts (quivered)
 t - 2 curare-tipped darts
 v - 6 datura-tipped darts
 w - 8 javelins
Jewellery
 g - a ring of attention (left tentacle)
Wands
 d - a wand of acid (9)
Scrolls
 h - 5 scrolls of identify
 k - 2 scrolls of noise
 n - a scroll of amnesia
 o - 3 scrolls of remove curse
 y - 2 scrolls of enchant weapon
Potions
 b - a potion of might {unknown}
 c - 2 potions of curing
 q - a potion of degeneration
 s - a potion of stabbing
Comestibles
 f - 8 rations


   Skills:
 - Level 1.0 Fighting
 - Level 1.0 Short Blades
 - Level 2.0 Dodging
 + Level 7.1 Stealth
 * Level 6.9 Unarmed Combat
 + Level 6.0 Evocations


You had 7 spell levels left.
You didn't know any spells.
Your spell library was empty.

Dungeon Overview and Level Annotations

Branches:
Dungeon (7/15)
 Temple: D:4-7

Altars:
Hepliaklqana
Kikubaaqudgha
Nemelex Xobeh
Qazlal
Ru
Trog
Wu Jian
Yredelemnul


Innate Abilities, Weirdness & Mutations

You cannot wear most types of armour.
You are very stealthy in the water. (Stealth+)
You are amphibious.
You can wear up to eight rings at the same time.
You can use your tentacles to constrict eight enemies at once.
Your skin changes colour to match your surroundings (Stealth+).
Your rubbery body absorbs attacks. (AC +1, EV +1)
One of your tentacles bears a nasty spike.
Your body sometimes deteriorates upon taking damage.
You are dopey. (Int -2)


Message History

You constrict the orc.
You kill the orc!
The orc warrior barely misses you.
Unknown command.
Items here: ( ) / [ a +0 dagger; 26 stones; a +0 robe; a wand of acid (10)
d - a wand of acid (10)
The orc warrior hits you from afar with a +0 halberd!!
* * * LOW HITPOINT WARNING * * *
Your body deteriorates!
You feel dopey.
You resume training Evocations.
Evoke which item? (* to show all) (? for menu, Esc to quit)
Aiming: Corrosive Bolt
Press: ? - help, Shift-Dir - straight line, f - orc warrior
Aim: an orc warrior, wielding a +0 halberd and wearing a +0 plate armour The bolt of acid hits the orc warrior!!
The orc warrior is splashed with acid.
The acid corrodes the orc warrior!
The orc warrior is almost dead.
The orc warrior hits you from afar with a +0 halberd!
You die...

.......<#.###...#
###.#.#
..#.#####).....)#
#....[# ).#.#
#####.#.# #.#.###
#.#.# #.#.###.#[#
#...# #.#.......#
#####
######(###..(#### .
........o...(....#
.
........#.....##.#
.
..#######.@.......#
. #.........#
###### #..........#
#_(..##
#........#..
#...._# #>.......#
# ##..###
#........# _(..._#
#........# ##..###
#.###..... #.....#


You could see an orc warrior.

Vanquished Creatures
  2 sky beasts (D:5)
  An ice beast (D:6)
  A centaur (D:7)
  2 bullfrogs (D:6)
  A scorpion (D:6)
  A jelly (D:7)
  A crimson imp (D:6)
  4 hounds
  4 orc priests
  5 orc wizards
  A bullfrog skeleton (D:6)
  2 worker ants
  2 iguanas
  A hound skeleton (D:6)
  A worker ant zombie (D:5)
  3 adders
  A dart slug (D:1)
  3 leopard geckos
  16 orcs
  A bat (D:1)
  2 giant cockroaches (D:6)
  2 goblins
  3 hobgoblins
  2 jackals (D:6)
  A ball python (D:6)
  A ball python skeleton (D:5)
  A frilled lizard (D:1)
  5 kobolds
70 creatures vanquished.

Vanquished Creatures (collateral kills)
  2 orc priests (D:6)
  2 orc wizards (D:6)
  5 orcs
9 creatures vanquished.

Vanquished Creatures (others)
  A jelly (D:6)
  An orc (D:3)
  A hobgoblin (D:2)
  A jackal (D:1)
  A frilled lizard (D:3)
5 creatures vanquished.

Grand Total: 84 creatures vanquished

Notes
Turn   | Place    | Note
-------+----------+-------------------------------------------
     0 | D:1      | Maedhros the Octopode Artificer began the quest for the
                  | Orb.
     0 | D:1      | Reached XP level 1. HP: 13/13 MP: 3/3
    84 | D:1      | Reached skill level 1 in Unarmed Combat
    84 | D:1      | Reached XP level 2. HP: 11/18 MP: 4/4
   189 | D:2      | Reached skill level 2 in Stealth
   311 | D:3      | Reached XP level 3. HP: 7/23 MP: 5/5
   317 | D:3      | Gained mutation: One of your tentacles bears a spike.
                  | [potion of mutation]
   317 | D:3      | Gained mutation: You are dopey. (Int -2) [potion of
                  | mutation]
   317 | D:3      | Gained mutation: Your body sometimes deteriorates upon
                  | taking damage. [potion of mutation]
   317 | D:3      | Gained mutation: One of your tentacles bears a nasty spike.
                  | [potion of mutation]
   652 | D:4      | Reached skill level 3 in Stealth
   652 | D:4      | Reached XP level 4. HP: 24/28 MP: 6/6
   696 | D:4      | Reached XP level 5. HP: 25/33 MP: 8/8
   884 | D:5      | Entered Level 5 of the Dungeon
  1076 | D:5      | Noticed a sky beast
  1090 | D:5      | Killed a sky beast
  1090 | D:5      | Reached skill level 4 in Stealth
  1090 | D:5      | Reached XP level 6. HP: 37/38 MP: 9/9
  1092 | D:5      | Noticed a sky beast
  1097 | D:5      | Killed a sky beast
  1355 | D:6      | Reached skill level 5 in Stealth
  1355 | D:6      | Reached skill level 5 in Evocations
  1355 | D:6      | Reached XP level 7. HP: 30/43 MP: 10/10
  1448 | D:6      | Reached skill level 5 in Unarmed Combat
  1528 | D:6      | Reached skill level 6 in Stealth
  1638 | D:6      | Found a stormy altar of Qazlal.
  1712 | D:6      | Reached XP level 8. HP: 43/48 MP: 12/12
  1841 | D:7      | Noticed a hippogriff
  1906 | D:7      | Found a hazy altar of Hepliaklqana.
  1911 | D:7      | Found a sacrificial altar of Ru.
  1912 | D:7      | Found an ornate altar of the Wu Jian Council.
  1913 | D:7      | Found a bloodstained altar of Trog.
  1915 | D:7      | Found a sparkling altar of Nemelex Xobeh.
  1916 | D:7      | Found an ancient bone altar of Kikubaaqudgha.
  1918 | D:7      | Found a basalt altar of Yredelemnul.
  2085 | D:7      | Reached skill level 7 in Stealth
  2147 | D:7      | HP: 1/48 [orc warrior/+0 halberd (18)]
  2148 | D:7      | Mangled by an orc warrior

Levels and vault maps discovered:
D:1:      mrwooster_arrival_arrow, layout_basic, lemuel_flame_loot_1
D:2:      layout_basic, kennysheep_donut
D:3:      layout_loops_ring
D:4:      layout_cave_pools
D:5:      minmay_evil_eye, layout_layer_cave, first_ration
D:6:      layout_basic, kennysheep_flooded_box, mrwooster_statue_mirror
D:7:      layout_basic, minitemple, minmay_temple_entry_statues_pillars,
          grunt_ogre_cave, chequers_serial_rivers_micro_a, minmay_diced_spiral,
          uniq_harold

Skill      XL: |  1  2  3  4  5  6  7  8 |
---------------+-------------------------+-----
Unarmed Combat | 1 2 3 4 6 |  6.9
Stealth        | 2 3 4 5 6 7 |  7.1
Evocations     | 4 5 6 |  6.0
Fighting       | |  1.0
Short Blades   | |  1.0
Dodging        | |  2.0

Action                   |  1- 3 |  4- 6 |  7- 9 || total
-------------------------+-------+-------+-------++-------
Melee: Dagger            |    12 |       |       ||    12
       Constrict         |     9 |     8 |    21 ||    38
       Short sword       |     2 |       |       ||     2
       Tentacles         |     5 |     6 |    12 ||    23
       Mace              |    25 |    41 |    76 ||   142
       Kick              |     2 |     6 |    19 ||    27
       Punch             |       |       |     4 ||     4
Throw: Dart              |     2 |       |     7 ||     9
Evoke: Wand              |     5 |    12 |    29 ||    46
  Use: Potion            |     3 |       |     4 ||     7
       Scroll            |       |       |     7 ||     7
 Stab: Sleeping          |     2 |     2 |     1 ||     5
       Paralysed         |       |     5 |       ||     5
  Eat: Chunk             |       |     1 |     2 ||     3
Armor: Skin              |     2 |     9 |    16 ||    27
Dodge: Dodged            |    16 |    24 |    55 ||    95

Table legend:
 A = Non-vault XP
 B = Vault XP
 C = Vault XP percentage of total XP
 D = Non-vault monster count
 E = Vault monster count
 F = Vault count percentage of total count
                 A         B        C        D         E       F
            +---------+---------+-------+---------+---------+-------
      Total |    1700 |       0 |   0.0 |      79 |       0 |   0.0
            +---------+---------+-------+---------+---------+-------
        D:1 |      13 |       0 |   0.0 |       7 |       0 |   0.0
        D:2 |       8 |       0 |   0.0 |       4 |       0 |   0.0
        D:3 |      36 |       0 |   0.0 |      10 |       0 |   0.0
        D:4 |     141 |       0 |   0.0 |       5 |       0 |   0.0
        D:5 |     331 |       0 |   0.0 |       9 |       0 |   0.0
        D:6 |     841 |       0 |   0.0 |      35 |       0 |   0.0
        D:7 |     330 |       0 |   0.0 |       9 |       0 |   0.0
            +---------+---------+-------+---------+---------+-------
